 Dungeon Crawl Stone Soup version 0.20-a0-1025-g4706f7e (webtiles) character file.

107 Cerepol the Twirler (level 4, 0/26 HPs)
             Began as a Gargoyle Gladiator on Apr 19, 2017.
             Was an Initiate of Cheibriados.
             Slain by Grinder (5 damage)
             ... on level 3 of the Dungeon.
             The game lasted 00:02:59 (1552 turns).

Cerepol the Twirler (Gargoyle Gladiator)            Turns: 1552, Time: 00:02:59

Health: 0/26       AC: 12    Str: 18    XL:     4   Next: 86%
Magic:  2/4        EV:  7    Int: 11    God:    Cheibriados [......]
Gold:   57         SH:  0    Dex: 12    Spells: 3/3 levels left

rFire    . . .     SeeInvis .   a - +0 quarterstaff
rCold    . . .     Gourm    .   (shield currently unavailable)
rNeg     + . .     Faith    .   r - +0 chain mail
rPois    ∞         Spirit   .   c - +0 helmet
rElec    +         Reflect  .   (no cloak)
rCorr    .         Harm     .   (no gloves)
MR       .....                  (no boots)
Stlth    ..........             (no amulet)
Regen    0.1/turn               (no ring)
MPRegen  0.1/turn               (no ring)

@: very slow
A: negative energy resistance 1, electricity resistance, unbreathing,
petrification resistance, rot immunity, AC +3
a: Bend Time, Renounce Religion


You were on level 3 of the Dungeon.
You worshipped Cheibriados.
Cheibriados was noncommittal.
You were hungry.

You visited 1 branch of the dungeon, and saw 3 of its levels.

You collected 57 gold pieces.

Inventory:

Hand Weapons
 a - a +0 quarterstaff (weapon)
Missiles
 d - 3 throwing nets (quivered)
Armour
 b - a +0 leather armour
 c - a +0 helmet (worn)
 r - a +0 chain mail (worn)
Scrolls
 e - a scroll of recharging {unknown}
 i - a scroll of random uselessness {unknown}
 j - 2 scrolls of teleportation {unknown}
 k - 4 scrolls of identify {unknown}
 l - 2 scrolls of immolation {unknown}
 m - a scroll of blinking {unknown}
 n - a scroll of magic mapping {unknown}
 p - a scroll of enchant weapon {unknown}
Potions
 o - a potion of agility {unknown}
 s - a potion of degeneration {unknown}
Comestibles
 f - 4 bread rations
 g - a royal jelly
 q - a meat ration


   Skills:
 - Level 2.1 Fighting
 + Level 5.4 Staves
 - Level 1.7 Throwing
 - Level 2.4 Dodging


You had 3 spell levels left.
You didn't know any spells.

Dungeon Overview and Level Annotations

Branches:
Dungeon (3/15)

Altars:
Cheibriados

Annotations:
D:3 Grinder


Innate Abilities, Weirdness & Mutations

You are resistant to torment.
Your stone body is resilient. (AC +3)
You are immune to poison.
You resist negative energy. (rN+)
You are resistant to electric shocks. (rElec)
You can survive without breathing.
You are immune to petrification.
You are immune to rotting.


Message History

Grinder hits you.
You writhe in agony.
* * * LOW HITPOINT WARNING * * *
Okay, then.
You hit Grinder.
Grinder is severely wounded.
Grinder hits you but does no damage.
You hit Grinder.
Grinder is almost dead.
Grinder gestures at you.
You are unaffected.
You closely miss Grinder.
Grinder is almost dead.
Grinder hits you.
* * * LOW HITPOINT WARNING * * *
You writhe in agony.
* * * LOW HITPOINT WARNING * * *
You closely miss Grinder.
Grinder is almost dead.
Grinder hits you.
You die...

### #<#
#.#####
##.....####
#.⌠@..⌠...#
#...5......#
#..⌠...>...⌠.#
#....?......##
#....⌠...⌠..#
#...#........#
......$..###.#
.........# .#


You could see Grinder.

Vanquished Creatures
  Jessica (D:2)
  4 gnolls (D:2)
  A dart slug (D:2)
  A worm (D:3)
  2 giant cockroaches (D:1)
  6 hobgoblins
  7 kobolds
  A quokka (D:1)
  A ball python (D:2)
  6 bats
  5 frilled lizards
  4 goblins
  6 rats
45 creatures vanquished.

Notes
Turn   | Place    | Note
-------+----------+-------------------------------------------
     0 | D:1      | Cerepol the Gargoyle Gladiator began the quest for the Orb.
     0 | D:1      | Reached XP level 1. HP: 12/12 MP: 1/1
   218 | D:1      | Reached XP level 2. HP: 13/17 MP: 2/2
   490 | D:1      | Reached skill level 4 in Staves
   675 | D:1      | Reached XP level 3. HP: 18/21 MP: 3/3
   954 | D:2      | Found a snail-covered altar of Cheibriados.
   965 | D:2      | Became a worshipper of Cheibriados the Contemplative
  1075 | D:2      | Noticed Jessica
  1084 | D:2      | Killed Jessica
  1084 | D:2      | Reached XP level 4. HP: 26/26 MP: 4/4
  1176 | D:2      | Reached skill level 5 in Staves
  1530 | D:3      | Noticed Grinder
  1552 | D:3      | Slain by Grinder

Vault maps used:
D:1:      dpeg_arrival_rooms_b
D:2:      nicolae_overflow_crystal_walls, wad_floor_pattern_untrapped,
          uniq_jessica
D:3:      led_sif_book, lemuel_zombie_altar_yredelemnul, grunt_ministairs_2,
          uniq_grinder, uniq_sigmund, uniq_natasha, uniq_robin

Skill      XL: |  1  2  3  4 |
---------------+-------------+-----
Staves         | 4 5 |  5.4
Fighting       | |  2.1
Throwing       | |  1.7
Dodging        | |  2.4

Action                   |  1- 3 |  4- 6 || total
-------------------------+-------+-------++-------
Melee: Quarterstaff      |   104 |    58 ||   162
Invok: Bend Time         |       |     1 ||     1
  Eat: Chunk             |     1 |     1 ||     2
Armor: Leather armour    |    42 |       ||    42
       Chain mail        |     4 |    27 ||    31
Dodge: Dodged            |    65 |    15 ||    80
